Map: 2000 Atmospheres LE

Players

ahurry

  • Race: Terran Terran
  • League: Master
  • Spawn Location: 7:00

PiG - Winner!

  • Race: Terran Terran
  • League: Grandmaster
  • Spawn Location: 3:00

VOD

https://www.youtube.com/watch?v=J2pIZNCtIis

Description

Time

  • Played on: July 12, 2022, 9:27 p.m.
  • Length: 8:16
Show
View Real Time Build Order
Export as new Build Order

ahurry Terran 

Build Orders: Liberator Opening 

Get SALT Encoding   

  12  0:00  SCV  
  13  0:12  SCV  
  14  0:17  Supply Depot  
  14  0:24  SCV  
  15  0:38  SCV  
  15  0:40  Barracks  
  16  0:44  Refinery  
  16  0:51  SCV  
  16  0:53  Refinery  
  17  1:04  SCV  
  18  1:16  SCV  
  19  1:27  Reaper  
  19  1:28  Orbital Command  
  19  1:30  Supply Depot  
  20  1:42  Factory  
  20  1:54  SCV  
  20  2:01  Barracks Reactor  
  21  2:07  SCV  
  22  2:19  SCV  
  22  2:21  Command Center  
  23  2:25  Hellion  
  25  2:31  SCV  
  26  2:37  Reaper x2  
  26  2:43  SCV  
  29  2:46  Hellion  
  31  2:52  Starport  
  31  3:00  Supply Depot  
  31  3:08  Factory Tech Lab  
  31  3:21  SCV, Marine x2  
  34  3:28  Liberator  
  34  3:34  SCV  
  38  3:35  Orbital Command  
  38  3:39  Marine  
  39  3:47  Cyclone  
  39  3:50  SCV  
  39  3:54  Marine  
  41  3:59  Marine  
  41  4:00  Refinery  
  42  4:03  SCV  
  42  4:06  SCV  
  44  4:11  Starport Tech Lab  
  44  4:15  SCV  
  45  4:18  SCV  
  45  4:19  Siege Tank  
  45  4:20  Marine x2  
  51  4:28  SCV  
  51  4:30  SCV, Supply Depot  
  53  4:31  Supply Depot  
  53  4:40  SCV  
  54  4:52  Raven, SCV x2  
  58  4:56  Marine x2, Command Center  
  60  5:03  Siege Tank  
  60  5:04  SCV x2  
  62  5:16  SCV x2  
  64  5:21  Barracks  
  64  5:24  Barracks  
  64  5:27  Supply Depot  
  65  5:28  SCV x2  
  65  5:29  Supply Depot  
  66  5:40  Refinery, SCV x2  
  68  5:46  Viking  
  68  5:49  Viking, Siege Tank  
  75  5:52  SCV x2  
  77  6:00  Engineering Bay x2, Stimpack  
  77  6:04  SCV x2  
  77  6:07  Marine  
  80  6:12  Barracks Reactor  
  80  6:13  Barracks Reactor  
  80  6:17  SCV x2  
  82  6:21  Siege Tank  
  85  6:25  Orbital Command  
  85  6:29  SCV x2  
  85  6:31  Refinery, Sensor Tower  
  87  6:35  Refinery  
  87  6:41  SCV  
  87  6:43  SCV  
  87  6:45  Missile Turret  
  87  6:46  Missile Turret  
  89  6:47  Marine  
  89  6:51  SCV  
  89  6:53  SCV  
  92  6:55  SCV  
  92  6:58  Viking  
  95  7:01  Supply Depot  
  95  7:04  SCV, Supply Depot  
  95  7:05  SCV, Marine  
  95  7:07  SCV  
  99  7:16  SCV  
  99  7:18  Barracks, SCV, Missile Turret  
  99  7:20  Barracks  
  101  7:23  SCV  
  101  7:24  Marine, Supply Depot  
  101  7:25  Marine x2  
  101  7:26  Supply Depot  
  101  7:28  Siege Tank  
  101  7:29  SCV  
  109  7:30  SCV  
  109  7:35  SCV  
  111  7:41  Marine  
  111  7:43  Marine x3  
  106  7:52  Marine  
Show
View Real Time Build Order
Export as new Build Order

PiG Terran - Winner!

Build Orders:  

Get SALT Encoding   

  12  0:00  SCV  
  13  0:12  SCV  
  14  0:17  Supply Depot  
  14  0:24  SCV  
  15  0:38  SCV  
  15  0:40  Barracks  
  16  0:43  Refinery  
  16  0:50  SCV  
  17  1:03  SCV  
  18  1:15  SCV  
  19  1:28  Orbital Command, Barracks Reactor  
  19  1:41  Command Center  
  19  1:53  Supply Depot  
  19  1:54  SCV  
  20  2:04  Marine  
  20  2:05  Marine  
  20  2:06  SCV  
  23  2:18  SCV  
  23  2:22  Marine x2  
  26  2:32  Factory  
  26  2:33  Barracks, SCV  
  27  2:38  Refinery  
  27  2:40  Marine x2  
  29  2:47  SCV  
  30  2:59  Marine x2  
  30  3:01  Orbital Command  
  30  3:05  SCV  
  33  3:17  SCV, Marine x2  
  33  3:18  Factory Tech Lab  
  36  3:20  Barracks Tech Lab, Supply Depot  
  36  3:29  SCV  
  37  3:35  Marine x2  
  37  3:36  Cyclone  
  37  3:39  SCV  
  39  3:47  SCV  
  40  3:50  Combat Shield, Marine  
  40  3:53  Marine  
  40  3:55  SCV  
  43  3:56  Marine  
  44  4:05  SCV, Supply Depot  
  44  4:09  Marine  
  46  4:11  Marine  
  46  4:15  SCV, Siege Tank  
  51  4:17  SCV  
  51  4:20  Supply Depot  
  51  4:24  Refinery, Marine  
  52  4:26  Marine  
  52  4:27  SCV  
  55  4:32  SCV  
  55  4:36  Marine  
  55  4:37  Starport  
  57  4:41  Barracks, SCV  
  57  4:44  SCV  
  59  4:53  SCV, Siege Tank  
  59  4:54  Marine x2  
  59  4:56  SCV  
  64  5:03  Marine  
  64  5:05  SCV  
  66  5:08  SCV  
  66  5:13  Marine, Supply Depot  
  68  5:14  Stimpack  
  68  5:16  Starport Reactor  
  68  5:17  SCV  
  68  5:20  SCV  
  70  5:26  Engineering Bay  
  70  5:30  Barracks Reactor  
  70  5:34  Marine  
  70  5:35  SCV x2  
  73  5:36  Supply Depot, Marine  
  73  5:37  Siege Tank  
  73  5:41  Supply Depot  
  77  5:44  Marine  
  78  5:51  Terran Infantry Weapons Level 1  
  78  5:57  Marine x2  
  78  5:58  SCV x2, Medivac  
  78  6:00  Supply Depot  
  78  6:02  Marine, Medivac  
  87  6:04  Supply Depot  
  87  6:06  Marine x2  
  89  6:14  Siege Tank  
  89  6:15  Marine  
  93  6:20  Marine  
  93  6:21  Marine  
  93  6:23  Marine, Supply Depot  
  93  6:24  Marine  
  97  6:27  Supply Depot  
  97  6:33  Medivac, Marine  
  97  6:38  Marine  
  97  6:39  Barracks, Marine  
  102  6:40  Barracks  
  102  6:41  Marine  
  102  6:42  Marine  
  102  6:47  Supply Depot  
  104  6:50  Supply Depot  
  104  6:51  Marine  
  104  6:54  Siege Tank  
  108  6:56  Marine  
  108  6:57  Marine  
  110  7:04  Marine x2  
  112  7:09  Marine  
  112  7:11  Medivac  
  112  7:13  Marine  
  112  7:14  Marine  
  117  7:20  Supply Depot  
  117  7:22  Marine x2  
  118  7:26  Siege Tank  
  118  7:27  Marine  
  122  7:31  Marine  
  122  7:32  Marine  
  122  7:35  Marine x2  
  126  7:49  Marine  
  115  7:52  Marine x2  
Tags
 
Add a new tag
Caveats
  • Supply blocks, unpowered buildings, or Contaminate may cause inaccurate times.
  • Supply counts are checked every 10 seconds.